 Dungeon Crawl Stone Soup version 0.17-a0-1575-g9a29ec8 (webtiles) character file.

44 karlkraus the Covered (level 3, -2/33 HPs)
             Began as a Minotaur Fighter on July 26, 2015.
             Slain by Sigmund
             ... wielding a +0 scythe
              (10 damage)
             ... on level 2 of the Dungeon.
             The game lasted 00:01:51 (753 turns).

karlkraus the Covered (Minotaur Fighter)             Turns: 753, Time: 00:01:51

Health: -2/33      AC:  8    Str: 21    XL:     3   Next: 39%
Magic:  2/2        EV:  7    Int:  5    God:
Gold:   55         SH:  9    Dex:  9    Spells: 0 memorised, 2 levels left

rFire  + . .     SeeInvis .     a - +0 war axe
rCold  x . .     Clarity  .     b - +0 scale mail
rNeg   . . .     SustAt   .     c - +0 shield
rPois  .         Gourm    .     (helmet restricted)
rElec  .         Spirit   .     (no cloak)
rCorr  .         Warding  .     r - +0 pair of gloves
rMut   .         Stasis   .     (no boots)
MR     .....                    (no amulet)
Stlth  ..........               (no ring)
                                n - ring of fire

@: not resistant to hostile enchantments, extremely unstealthy
A: retaliatory headbutt, horns 2
a: no special abilities


You were on level 2 of the Dungeon.
You were not hungry.

You visited 1 branch of the dungeon, and saw 2 of its levels.

You collected 55 gold pieces.

Inventory:

Hand weapons
 a - a +0 war axe (weapon)
Armour
 b - a +0 scale mail (worn)
 c - a +0 shield (worn)
 r - a +0 pair of gloves (worn)
Jewellery
 n - a ring of fire (left hand)
Scrolls
 f - a scroll of amnesia {unknown}
 h - a scroll of identify {unknown}
 j - a scroll of enchant weapon {unknown}
 q - a scroll of blinking {unknown}
Potions
 d - a potion of might
 i - a potion of curing {unknown}
 k - a potion of agility {unknown}
 m - a potion of heal wounds {unknown}
 p - a potion of cancellation {unknown}
Comestibles
 e - 3 bread rations
 g - 3 royal jellies
 l - 2 chunks of flesh
 o - a meat ration


   Skills:
 + Level 4.1 Fighting
 + Level 3.0 Axes
 + Level 4.3 Armour
 + Level 0.2 Dodging
 + Level 3.9 Shields


You had 2 spell levels left.
You didn't know any spells.

Dungeon Overview and Level Annotations

Branches:
Dungeon (2/15)

Altars:
Ru

Annotations:
D:2 Sigmund


Innate Abilities, Weirdness & Mutations

You reflexively headbutt those who attack you in melee.
You have a pair of horns on your head.


Message History

The hobgoblin is heavily wounded.
The hobgoblin hits you but does no damage.
You slash the hobgoblin!
You kill the hobgoblin!
Something hits you! Something hits you.
You see here a club.
You closely miss the giant gecko. Your headbutt misses the giant gecko.
You closely miss something. Something hits you!
* * * LOW HITPOINT WARNING * * *
The giant gecko bites you but does no damage.
You are too injured to fight recklessly!
You are too injured to fight recklessly!
You are too injured to fight recklessly!
You are too injured to fight recklessly!
You block the giant gecko's attack. Something hits you but does no damage.
The giant gecko bites you.
* * * LOW HITPOINT WARNING * * *
You completely miss the giant gecko. Something hits you!
You die...

#...).#..#..#
##.....#######
......)....#..#
...#####......#
## ##.....#
#..#.## #..#.#
#..#.# #@.#.#
###l##.#
#.{....#
#>#.#..#
........#
###.#?#.##
.$.....#
####.### #.#


You could see a giant gecko.

Vanquished Creatures
  Natasha (D:2)
  An ooze (D:1)
  4 hobgoblins
  A kobold (D:2)
  3 bats (D:1)
  A giant gecko (D:1)
  A giant newt (D:2)
  2 goblins
  A rat (D:1)
15 creatures vanquished.

Notes
Turn   | Place    | Note
--------------------------------------------------------------
     0 | D:1      | karlkraus the Minotaur Fighter began the quest for the Orb.
     0 | D:1      | Reached XP level 1. HP: 19/19 MP: 0/0
   246 | D:1      | Reached XP level 2. HP: 27/27 MP: 1/1
   373 | D:1      | Reached skill level 4 in Armour
   643 | D:2      | Noticed Natasha
   647 | D:2      | Killed Natasha
   647 | D:2      | Reached XP level 3. HP: 30/33 MP: 2/2
   684 | D:2      | Found a sacrificial altar of Ru.
   744 | D:2      | Noticed Sigmund
   753 | D:2      | Slain by Sigmund

Vault maps used:
D:1:      scummos_arrival_simple_fountains, minivault_26, minivault_19,
          grunt_decor_resistance
D:2:      nicolae_overflow_crystal_walls, lemuel_coloured_pillars_altar,
          hangedman_ru_absence, first_bread, uniq_natasha, uniq_sigmund,
          uniq_iyjb

Action                   || total
-------------------------++-------
Melee: War axe           ||    34
